 Dungeon Crawl Stone Soup version 0.29-a0-878-g7b45a56547 (webtiles) character file.

Game seed: 5156751938275426655

4 BlueGoblin the Trooper (level 1, -1/18 HPs)
             Began as a Demonspawn Abyssal Knight on July 20, 2022.
             Was a Believer of Lugonu.
             Slain by a ball python (2 damage)
             ... on level 1 of the Dungeon.
             The game lasted 00:01:17 (238 turns).

BlueGoblin the Trooper (Demonspawn Abyssal Knight)   Turns: 238, Time: 00:01:18

Health: -1/18      AC:  3    Str: 13    XL:     1   Next: 58%
Magic:  2/2        EV:  8    Int: 11    God:    Lugonu [**....]
Gold:   4          SH:  0    Dex: 13    Spells: 0/0 levels left

rFire   . . .      SeeInvis .   b - +2 falchion
rCold   . . .      Faith    .   (no shield)
rNeg    . . .      Spirit   .   c - +0 leather armour
rPois   .          Reflect  .   (no helmet)
rElec   .          Harm     .   (no cloak)
rCorr   .          Rampage  .   (no gloves)
Will    .....                   (no boots)
Stlth   +.........              (no amulet)
HPRegen 0.06/turn               (no ring)
MPRegen 0.08/turn               (no ring)

@: constricted
A: no striking features
a: Renounce Religion, Depart the Abyss, Bend Space


You were on level 1 of the Dungeon.
You worshipped Lugonu.
Lugonu was pleased with you.
You visited 1 branch of the dungeon, and saw 1 of its levels.
You visited the Abyss 1 time.

You collected 4 gold pieces.

Inventory:

Hand Weapons
 a - a +0 sling
 b - a +2 falchion (weapon)
Armour
 c - a +0 leather armour (worn)
Potions
 f - a potion of degeneration {unknown}
 h - a potion of curing {unknown}
 i - a potion of haste {unknown}


   Skills:
 + Level 3.2 Fighting
 + Level 1.8 Long Blades
 + Level 0.1 Ranged Weapons
 - Level 1.7 Armour
 + Level 1.0 Dodging
 - Level 2.4 Invocations


You couldn't memorise any spells.
You didn't know any spells.
Your spell library was empty.

Dungeon Overview and Level Annotations

Branches:
Dungeon (1/15)

Altars:


Message History

The ball python bites you but does no damage.
The ball python constricts you.
You closely miss the ball python. The ball python barely misses you.
The ball python constricts you. The quokka bites you.
The quokka bites you but does no damage.
The ball python bites you. The ball python constricts you.
* * * LOW HITPOINT WARNING * * *
You are too injured to fight recklessly!
You are too injured to fight recklessly!
Okay, then.
Space bends violently around you!
You escape the ball python's grasp.
You blink.
Space bends violently around you!
You blink.
A hobgoblin comes into view.
Found 11 gold pieces.
Found 3 curare-tipped darts.
As you read the scroll labelled BAATSI LYKLAIX, it crumbles to dust.
You assume a fearsome visage.
The ball python looks frightened!
The quokka looks frightened!
It was a scroll of fear.
You see here 3 curare-tipped darts.
A quokka comes into view.
The ball python hisses angrily.
As you read the scroll labelled FUOGUO PAIVUCH, it crumbles to dust.
You feel a surge of unholy energy.
The quokka convulses!
The ball python convulses!
It was a scroll of torment.
As you read the scroll labelled KUIRURR DEUCO, it crumbles to dust.
It is a scroll of enchant weapon.
Your +1 falchion glows red for a moment.
You closely miss the quokka.
The quokka is moderately wounded.
The quokka bites you but does no damage.
The ball python bites you but does no damage.
The ball python grabs you. The ball python constricts you.
The quokka bites you.
* * * LOW HITPOINT WARNING * * *
You hit the quokka.
You kill the quokka!
Lugonu accepts your kill. The ball python bites you.
You die...

##g###.#......... #.#
#....##.## # #.#
###..#...#...#.# #.#
#...._ ......###
##.######.#...#........
#.r(g.....##.##........
#########g.............
#S..............
#@#.............
#.#.###..##... #.#.#
#..# .. #.#.# #..# #
#.#.###..#########
#.#...............
#.#####).......... #.#
#...........
#...........


You could see a hobgoblin and a ball python.

Vanquished Creatures
  A ball python (D:1)
  2 quokkas (D:1)
  A bat (D:1)
  A frilled lizard (D:1)
  A kobold (D:1)
6 creatures vanquished.

Notes
Turn   | Place    | Note
-------+----------+-------------------------------------------
     0 | Abyss:1  | BlueGoblin the Demonspawn Abyssal Knight began the quest
                  | for the Orb.
     0 | Abyss:1  | Reached XP level 1. HP: 18/18 MP: 2/2
     1 | D:1      | Escaped the Abyss
   151 | D:1      | Reached skill level 1 in Dodging
   201 | D:1      | Found a faded altar of an unknown god.
   238 | D:1      | Slain by a ball python

Illustrated notes

Levels and vault maps discovered:
D:1:      dpeg_arrival_rhombus, layout_basic, ebering_ecumenical_altar_box,
          minmay_misc_feat_x, serial_park_tiny_1, minmay_misc_feat_square

Skill      XL: |  1 |
---------------+----+-----
Dodging        | 1 |  1.0
Fighting       | |  3.2
Long Blades    | |  1.8
Ranged Weapons | |  0.1
Armour         | |  1.7
Invocations    | |  2.4

Action                   || total
-------------------------++-------
Melee: Falchion          ||     7
 Fire: Sling             ||    17
Invok: Bend Space        ||     2
  Use: Scroll            ||     3
Armor: Leather armour    ||     7
Dodge: Dodged            ||     7

Table legend: (Time is in decaauts)
 A = Elapsed time spent in this place.
 B = Non-inter-level travel time spent in this place.
 C = Inter-level travel time spent in this place.
 D = Time resting spent in this place.
 E = Time spent auto-exploring this place.
 F = Levels seen in this place.
 G = Mean time per level.
                   A        B        C        D        E       F      G
               +--------+--------+--------+--------+--------+-----+--------+
         Total |    243 |    243 |      0 |      0 |    153 |   2 |  121.5 |
       Dungeon |    242 |    242 |      0 |      0 |    153 |   1 |  242.0 |
         Abyss |      1 |      1 |      0 |      0 |      0 |   1 |    1.0 |
               +--------+--------+--------+--------+--------+-----+--------+

Top non-repeatable levels by time:
     D:1: 242 daAuts
 Abyss:1: 1 daAuts
